 Dungeon Crawl Stone Soup version 0.28-a0-407-g69098e2f6d (webtiles) character file.

Game seed: 4007613640894922241

1925 Demosthentine the Spear-Bearer (level 9, 0/69 HPs)
             Began as a Merfolk Gladiator on Sept 6, 2021.
             Was a Priest of Elyvilon.
             Slain by a hornet zombie (4 damage)
             ... on level 7 of the Dungeon.
             The game lasted 00:05:43 (7073 turns).

Demosthentine the Spear-Bearer (Merfolk Gladiator)  Turns: 7073, Time: 00:05:44

Health: 0/69       AC: 10    Str: 17    XL:     9   Next: 17%
Magic:  9/9        EV: 16    Int:  7    God:    Elyvilon [***...]
Gold:   469        SH:  0    Dex: 16    Spells: 8/8 levels left

rFire   . . .      SeeInvis .   n - +0 trident
rCold   . . .      Faith    .   (no shield)
rNeg    . . .      Spirit   .   b - +0 leather armour
rPois   +          Reflect  .   c - +0 helmet
rElec   .          Harm     .   y - +1 cloak
rCorr   .          Rampage  .   (no gloves)
Will    .....                   (no boots)
Stlth   +.........              p - amulet of regeneration
HPRegen 1.21/turn               o - ring of poison resistance
MPRegen 0.11/turn               u - +4 ring of protection

@: no status effects
A: (nimble swimmer 2), mertail
a: Renounce Religion, Lesser Healing, Heal Other, Purification, Divine
Protection


You were on level 7 of the Dungeon.
You worshipped Elyvilon.
Elyvilon was most pleased with you.
You visited 1 branch of the dungeon, and saw 7 of its levels.

You collected 469 gold pieces.

Inventory:

Hand Weapons
 n - a +0 trident (weapon)
Armour
 b - a +0 leather armour (worn)
 c - a +0 helmet (worn)
 j - a +0 buckler
 y - a +1 cloak (worn)
Jewellery
 a - the ring of Hutiabb {rN+++ Int+6 Dex-3}
   (You found it on level 7 of the Dungeon)

   [ring of intelligence]

   Int:       It affects your intelligence (+6).
   Dex:       It affects your dexterity (-3).
   rN:        It renders you almost immune to negative energy.
 o - a ring of poison resistance (left hand)
 p - an amulet of regeneration (around neck)
 u - a +4 ring of protection (right hand)
Wands
 h - a wand of digging (4)
 s - a wand of acid (11)
 t - a wand of paralysis (9)
Scrolls
 g - 3 scrolls of blinking
 k - a scroll of teleportation
 l - a scroll of enchant weapon
 m - a scroll of enchant armour
 v - a scroll of immolation {unknown}
Potions
 d - a potion of haste {unknown}
 e - a potion of flight
 f - a potion of magic
 i - 3 potions of curing
 q - a potion of attraction
 r - a potion of cancellation
 x - a potion of lignification {unknown}


   Skills:
 + Level 6.3 Fighting
 + Level 9.0 Polearms
 - Level 2.0 Throwing
 + Level 3.9 Armour
 + Level 8.1 Dodging
 - Level 4.0 Shields


You had 8 spell levels left.
You didn't know any spells.
Your spell library contained the following spells:

 Spells                   Type           Power      Damage    Failure   Level
 Gell's Gravitas          Tloc           0%         N/A       86%         3
 Lesser Beckoning         Tloc           0%         N/A       86%         3
 Teleport Other           Tloc           0%         N/A       86%         3


Dungeon Overview and Level Annotations

Branches:
Dungeon (7/15)             Temple (0/1) D:6

Altars:
Elyvilon
Gozag
Makhleb
Nemelex Xobeh
Okawaru
Qazlal
Sif Muna
Zin


Innate Abilities, Weirdness & Mutations

((You are quick and stealthy near water. (Stealth+, EV+, Speed+++)))
Your lower body shifts to a powerful aquatic tail in water.


Message History

Joseph is severely wounded.
Joseph hits you with a +0 quarterstaff!
* * * LOW HITPOINT WARNING * * *
You puncture Joseph!
Joseph is almost dead.
Joseph hits you with a +0 quarterstaff!
* * * LOW HITPOINT WARNING * * *
You hit Joseph but do no damage.
Joseph is almost dead.
Joseph misses you.
You puncture Joseph!
You kill Joseph!
Your Fighting skill increases to level 6!
Your Polearms skill increases to level 9!
Your Dodging skill increases to level 8!
You have reached level 9!
Your experience leads to an increase in your attributes!
Increase (S)trength, (I)ntelligence, or (D)exterity?
You feel stronger.
You puncture the hornet zombie!
The hornet zombie is severely damaged.
The hornet zombie hits you but does no damage.
You puncture the hornet zombie!
The hornet zombie is severely damaged.
The hornet zombie misses you.
You barely miss the hornet zombie.
The hornet zombie is severely damaged.
The hornet zombie hits you but does no damage.
You hit the hornet zombie.
The hornet zombie is almost destroyed.
The hornet zombie hits you.
* * * LOW HITPOINT WARNING * * *
You hit the hornet zombie.
The hornet zombie is almost destroyed.
The hornet zombie hits you!
* * * LOW HITPOINT WARNING * * *
You hit the hornet zombie but do no damage.
The hornet zombie is almost destroyed.
The hornet zombie hits you.
You die...

#.........#...###
#.###.#.#####........
#........# ###...###
##.##.##.# ##.## #
#.##.# #.# #..#.# #.#
# ##.#.# ##+#
#.###.#.# ##...##
#..@Z...# ##.....##
#####.### ##.......#
#.....# #.........
..........+..[......
###......###.........
#......# #.......#
#.....)# ##.....##
#.###### ##...## #.
##'##


You could see a hornet zombie.

Vanquished Creatures
  Joseph (D:7)
  A steam dragon (D:6)
  A water moccasin (D:6)
  A sky beast (D:6)
  An ice beast (D:7)
  3 ogres
  A necrophage (D:5)
  A gnoll sergeant (D:7)
  A scorpion (D:6)
  5 wights (D:6)
  A howler monkey (D:5)
  A jelly (D:6)
  An orc priest (D:4)
  2 hounds (D:5)
  Crazy Yiuf (D:5)
  2 iguanas
  2 orc wizards
  A hound skeleton (D:4)
  6 adders
  8 gnolls
  A howler monkey skeleton (D:3)
  A shadow imp (D:6)
  An adder skeleton (D:4)
  3 dart slugs
  14 orcs
  11 bats
  6 endoplasms
  3 giant cockroaches
  8 goblins
  7 hobgoblins
  2 jackals (D:2)
  11 quokkas
  4 ball pythons
  2 frilled lizards (D:1)
  6 kobolds
  2 rats (D:1)
123 creatures vanquished.

Notes
Turn   | Place    | Note
-------+----------+-------------------------------------------
     0 | D:1      | Demosthentine the Merfolk Gladiator began the quest for the
                  | Orb.
     0 | D:1      | Reached XP level 1. HP: 16/16 MP: 1/1
   215 | D:1      | Reached XP level 2. HP: 22/23 MP: 2/2
   405 | D:1      | Found a faded altar of an unknown god.
   622 | D:1      | Reached XP level 3. HP: 23/28 MP: 3/3
   877 | D:2      | Reached skill level 5 in Polearms
  1366 | D:2      | Reached skill level 1 in Armour
  1422 | D:2      | Reached XP level 4. HP: 29/35 MP: 4/4
  1430 | D:2      | HP: 1/35 [gnoll (1)]
  2432 | D:3      | Reached skill level 1 in Shields
  2735 | D:3      | Reached XP level 5. HP: 37/41 MP: 5/5
  2923 | D:3      | Reached skill level 5 in Dodging
  3143 | D:4      | Found a burning altar of Makhleb.
  3143 | D:4      | Found a glowing silver altar of Zin.
  3145 | D:4      | Found a shimmering blue altar of Sif Muna.
  3163 | D:4      | Found a white marble altar of Elyvilon.
  3312 | D:4      | Became a worshipper of Elyvilon the Healer
  3562 | D:4      | Reached XP level 6. HP: 36/47 MP: 6/6
  3570 | D:4      | Reached skill level 6 in Polearms
  4107 | D:4      | Found an iron altar of Okawaru.
  4507 | D:5      | Entered Level 5 of the Dungeon
  4538 | D:5      | Reached * piety under Elyvilon
  4601 | D:5      | Found a runed translucent door.
  4602 | D:5      | Noticed Crazy Yiuf
  4731 | D:5      | Found a sparkling altar of Nemelex Xobeh.
  4891 | D:5      | Noticed a necrophage
  4915 | D:5      | Reached XP level 7. HP: 52/54 MP: 7/7
  5020 | D:5      | Found an opulent altar of Gozag.
  5171 | D:5      | Reached ** piety under Elyvilon
  5795 | D:5      | Killed Crazy Yiuf
  5796 | D:5      | Reached skill level 7 in Polearms
  6006 | D:6      | Reached XP level 8. HP: 61/61 MP: 8/8
  6022 | D:6      | Reached skill level 5 in Fighting
  6030 | D:6      | Found a staircase to the Ecumenical Temple.
  6281 | D:6      | Found a stormy altar of Qazlal.
  6499 | D:6      | Reached skill level 8 in Polearms
  6846 | D:7      | Identified the ring of Hutiabb {rN+++ Int+6 Dex-3}
  7031 | D:7      | Reached *** piety under Elyvilon
  7041 | D:7      | Noticed Joseph
  7067 | D:7      | Killed Joseph
  7068 | D:7      | Reached skill level 9 in Polearms
  7068 | D:7      | Reached XP level 9. HP: 7/69 MP: 9/9
  7072 | D:7      | HP: 3/69 [hornet zombie (8)]
  7073 | D:7      | Slain by a hornet zombie

Illustrated notes

Levels and vault maps discovered:
D:1:      minmay_arrival_semitransparent, layout_rooms,
          dreamdust_ecumenical_altar_angels_and_demons
D:2:      layout_loops_ring
D:3:      wander_river, layout_rooms, wad_rectangle_vault
D:4:      layout_basic, lemuel_coloured_pillars_altar,
          chequers_temple_overflow_statue_of_worship, elyvilon_altar_4
D:5:      layout_basic, mainiacjoe_overflow_alcove_1,
          nicolae_overflow_hidden_temple, uniq_crazy_yiuf_cottage
D:6:      layout_basic, mainiacjoe_overflow_brackets, minmay_temple_entry_trees
D:7:      layout_loops_corners, uniq_joseph

Skill      XL: |  1  2  3  4  5  6  7  8 |
---------------+-------------------------+-----
Polearms       | 5 6 7 9 |  9.0
Armour         | 1 2 3 |  3.9
Fighting       | 3 4 6 |  6.3
Shields        | 1 2 3 4 |  4.0
Dodging        | 5 6 8 |  8.1
Throwing       | |  2.0

Action                   |  1- 3 |  4- 6 |  7- 9 || total
-------------------------+-------+-------+-------++-------
Melee: Trident           |   119 |   242 |   234 ||   595
Throw: Throwing net      |       |     1 |     2 ||     3
  Use: Scroll            |     1 |     8 |     7 ||    16
       Potion            |       |       |     6 ||     6
 Stab: Sleeping          |     2 |     2 |     1 ||     5
       Held in net/web   |       |     1 |     1 ||     2
Armor: Leather armour    |    25 |    45 |    40 ||   110
Dodge: Dodged            |    69 |   153 |    98 ||   320

Table legend: (Time is in decaauts)
 A = Elapsed time spent in this place.
 B = Non-inter-level travel time spent in this place.
 C = Inter-level travel time spent in this place.
 D = Time resting spent in this place.
 E = Time spent auto-exploring this place.
 F = Levels seen in this place.
 G = Mean time per level.
                   A        B        C        D        E       F      G
               +--------+--------+--------+--------+--------+-----+--------+
         Total |   7051 |   6692 |    359 |     22 |   5504 |   7 | 1007.3 |
       Dungeon |   7051 |   6692 |    359 |     22 |   5504 |   7 | 1007.3 |
               +--------+--------+--------+--------+--------+-----+--------+

Top non-repeatable levels by time:
     D:5: 1463 daAuts
     D:4: 1368 daAuts
     D:2: 1277 daAuts
     D:1: 1188 daAuts
     D:6: 749 daAuts
     D:3: 672 daAuts
     D:7: 331 daAuts
